AoeStats
← Dwight ツ

Black Forest

507104807Analyzed
4v4 RM · 15d ago on Sep 16, 2026· 51m 54s· 8 players
Game mode
Random Map
Map size
Large (8 player)
Population
200
Speed
Normal
Resources
Standard
Victory
Conquest
Starting age
Dark Age
Ending age
Imperial Age
RankedLock teamsTeams togetherTeam positionsShared explorationLock speedFull tech treeHidden civsTurbo modeCheats
Victory
Defeat
🇧🇪 Franks · Belgium
1075
+13
🇸🇪 Ethiopians · Sweden
1066
+14
🇱🇹 Celts · Lithuania
1031
+15
🇪🇸 Hindustanis · Spain
1023
+15
🇪🇨 Byzantines · Ecuador
1037
-14
🇨🇴 Ethiopians · Colombia
1016
-15
🇺🇾 Italians · Uruguay
995
-14
🇨🇦 Malians · Canada
992
-14
WildNightCat
0:43 Loom
11:49 Feudal Age
13:20 Horse Collar
14:51 Wheelbarrow
14:40 Double-Bit Axe
17:04 Castle Age
26:44 Hand Cart
26:15 Town Watch
28:55 Bow Saw
28:57 Town Patrol
29:42 Heavy Plow
33:24 Imperial Age
32:10 Caravan
32:40 Coinage
33:01 Forging
32:57 Scale Barding Armor
33:47 Ballistics
33:38 Scale Mail Armor
35:00 Iron Casting
33:55 Elite Skirmisher
35:07 Fletching
35:18 Padded Archer Armor
35:09 Onager
37:05 Conscription
36:16 Pikeman
38:10 Blast Furnace
37:31 Chain Barding Armor
37:28 Chain Mail Armor
37:54 Siege Onager
38:00 Capped Ram
38:16 Elite Woad Raider
39:55 Gold Mining
39:55 Stone Mining
40:14 Arson
39:58 Siege Ram
41:16 Furor Celtica
40:56 Stronghold
42:47 Bodkin Arrow
43:07 Leather Archer Armor
43:22 Plate Mail Armor
46:32 Gold Shaft Mining
46:32 Stone Shaft Mining
45:37 Siege Onager
47:03 Ring Archer Armor
52:23 Hoardings
51:20 Sappers
52:35 Banking
52:15 Guilds
53:07 Chemistry
51:30 Halberdier
51:30 Man-at-Arms
51:57 Gambesons
51:34 Crossbowman
51:34 Heavy Cavalry Archer
Dwight ツ
5:21 Loom
10:49 Feudal Age
13:21 Double-Bit Axe
19:42 Castle Age
18:41 Gold Mining
18:43 Stone Mining
20:07 Wheelbarrow
21:57 Forging
21:52 Scale Barding Armor
23:52 Chain Barding Armor
27:32 Hand Cart
27:06 Town Watch
27:55 Bow Saw
28:29 Husbandry
29:15 Iron Casting
31:06 Caravan
42:01 Imperial Age
41:02 #83
40:06 Pikeman
40:46 Squires
40:31 Arson
41:06 Town Patrol
41:09 Scale Mail Armor
41:00 Fletching
41:10 Padded Archer Armor
42:21 Cavalier
43:41 Plate Barding Armor
44:07 Blast Furnace
44:14 Paladin
45:13 Chain Mail Armor
47:36 Light Cavalry
manejc94
0:50 Loom
12:04 Feudal Age
13:15 Double-Bit Axe
14:41 Horse Collar
18:44 Wheelbarrow
20:57 Castle Age
20:54 Scale Barding Armor
21:10 Forging
30:42 Bow Saw
30:38 Heavy Plow
31:23 Gold Mining
31:24 Stone Mining
33:20 Hand Cart
34:42 Bloodlines
34:33 Husbandry
34:56 Ballistics
34:47 Fortified Wall
34:48 Masonry
34:41 Grand Trunk Road
36:30 Iron Casting
36:16 Chain Barding Armor
35:46 Fletching
35:57 Padded Archer Armor
39:03 Imperial Age
39:07 Heavy Camel Rider
40:32 Town Watch
41:58 Blast Furnace
41:34 Plate Barding Armor
40:55 Bodkin Arrow
41:15 Leather Archer Armor
41:45 Conscription
41:49 Thumb Ring
44:08 Chemistry
43:14 Siege Engineers
42:44 Imperial Camel Rider
J.D.Rehn
12:49 Feudal Age
16:43 Castle Age
14:46 Double-Bit Axe
16:50 Gold Mining
17:30 Horse Collar
17:45 Loom
18:36 Heavy Plow
23:35 Bow Saw
26:37 Wheelbarrow
25:52 Town Watch
27:18 Stone Mining
29:34 Gold Shaft Mining
29:34 Stone Shaft Mining
30:11 Fortified Wall
30:43 Stone Shaft Mining
31:20 Ballistics
30:53 Fletching
31:04 Padded Archer Armor
31:17 Forging
32:25 Hand Cart
36:45 Imperial Age
34:35 Crossbowman
35:25 Town Patrol
36:39 Masonry
36:37 Thumb Ring
36:35 Bodkin Arrow
36:56 Leather Archer Armor
36:42 Scale Mail Armor
37:54 Torsion Engines
38:15 Conscription
39:02 Chemistry
38:04 Arbalester
39:05 Siege Engineers
40:16 Two-Man Saw
40:41 Architecture
40:05 Guard Tower
40:25 Caravan
40:27 Halberdier
41:16 Bracer
41:46 Ring Archer Armor
44:17 Squires
44:42 Elite Skirmisher
46:30 Chain Mail Armor
46:51 Iron Casting
46:37 Onager
Jan_Rui
13:58 Feudal Age
15:43 Wheelbarrow
19:09 Castle Age
21:28 Double-Bit Axe
24:09 Bow Saw
25:17 Stone Mining
25:50 Hand Cart
26:12 Gold Mining
28:59 Fishing Lines
30:14 Gillnets
31:56 Town Watch
35:43 Imperial Age
32:59 Loom
33:16 Town Patrol
35:31 Scale Mail Armor
35:42 Forging
36:36 Torsion Engines
36:58 Conscription
37:41 Chemistry
36:47 Siege Engineers
37:03 Ballistics
37:21 Halberdier
38:01 Squires
38:18 Chain Mail Armor
38:38 Iron Casting
40:08 Plate Mail Armor
41:44 Blast Furnace
41:00 Masonry
40:55 Onager
41:11 Heavy Scorpion
43:00 Caravan
48:23 Fortified Wall
48:43 Architecture
50:05 Fletching
50:16 Padded Archer Armor
henry2992
2:34 Loom
12:33 Feudal Age
18:40 Castle Age
18:57 Double-Bit Axe
19:04 Gold Mining
20:28 Bow Saw
21:15 Wheelbarrow
24:54 Stone Mining
25:46 Gold Shaft Mining
26:49 Hand Cart
28:38 Horse Collar
31:35 Imperial Age
29:59 Heavy Plow
29:49 Pikeman
30:29 Squires
31:07 Scale Mail Armor
31:18 Forging
31:50 Gambesons
31:44 Halberdier
34:26 Chemistry
33:16 Elite Skirmisher
34:36 Caravan
35:21 Chain Mail Armor
35:41 Iron Casting
36:05 Fortified Wall
36:42 Padded Archer Armor
36:33 Fletching
37:13 Plate Mail Armor
37:12 Conscription
Oselie
1:49 Loom
13:10 Feudal Age
16:53 Castle Age
14:53 Double-Bit Axe
19:53 Bow Saw
29:02 Fishing Lines
29:22 Horse Collar
30:02 Town Watch
30:53 Wheelbarrow
30:13 Fletching
34:10 Imperial Age
31:45 Town Patrol
34:07 Bodkin Arrow
34:22 Forging
34:16 Scale Mail Armor
34:16 Padded Archer Armor
35:25 Hand Cart
34:46 Onager
35:42 Thumb Ring
34:57 Crossbowman
35:22 Elite Genoese Crossbowman
37:16 Bracer
37:53 Iron Casting
37:34 Leather Archer Armor
37:36 Chain Mail Armor
36:57 Arbalester
38:19 Silk Road
39:53 Chemistry
39:13 Ballistics
39:54 Gold Mining
43:00 Pirotechnia
44:47 Ring Archer Armor
46:09 Stone Mining
dasorux
12:58 Feudal Age
15:53 Man-at-Arms
17:35 Double-Bit Axe
18:50 Wheelbarrow
21:16 Castle Age
19:33 Forging
20:09 Scale Mail Armor
20:01 Fletching
20:24 Stone Mining
23:50 Iron Casting
23:31 Chain Mail Armor
24:51 Scale Barding Armor
29:00 Bow Saw
29:49 Husbandry
30:00 Bloodlines
32:30 Light Cavalry
35:08 Tigui
37:57 Imperial Age
35:43 Hand Cart
38:23 Horse Collar
39:03 Town Watch
40:06 Chain Barding Armor
40:27 Pikeman
41:08 Squires
40:54 Arson
41:07 Bodkin Arrow
41:54 Long Swordsman
42:59 Two-Handed Swordsman
44:23 Ballistics
43:46 Treadmill Crane
44:17 Fortified Wall
45:12 Farimba
46:06 Champion
48:46 Plate Mail Armor
50:26 Town Patrol
Connection lost

Rejoining the realm…

Still unreachable

The connection could not be restored.

Session expired

The server has moved on; the page needs a fresh start.